 Dungeon Crawl Stone Soup version 0.14.0-12-g87ee3b7 (webtiles) character file.

186 Ragg the Chopper (level 4, -1/39 HPs)
             Began as a Minotaur Berserker on Apr 17, 2014.
             Was a Believer of Trog.
             Slain by a gnoll
             ... wielding a +0,+0 halberd
              (5 damage)
             ... on Level 3 of the Dungeon.
             The game lasted 00:04:00 (1240 turns).

Ragg the Chopper (Minotaur Berserker)               Turns: 1240, Time: 00:04:01

HP  -1/39        AC  5     Str 22      XL: 4   Next: 14%
MP   2/2         EV 10     Int  4      God: Trog [**....]
Gold 109         SH  0     Dex 10      Spells:  0 memorised,  3 levels left

rFire  . . .     SeeInvis .     a - +0 hand axe
rCold  . . .     Clarity  .     m - +0 ring mail
rNeg   . . .     Conserve .     (no shield)
rPois  .         rCorr    .     (helmet restricted)
rElec  .         rRot     .     (no cloak)
SustAb . .       Spirit   .     (no gloves)
rMut   .         Warding  .     (no boots)
Saprov . . .     Stasis   .     j - amulet of inaccuracy {unknown}
MR     .....                    (no ring)
                                (no ring)

@: not resistant to hostile enchantments, extremely unstealthy
A: retaliatory headbutt, horns 2
a: Burn Spellbooks, Berserk, Trog's Hand, Renounce Religion


You were on level 3 of the Dungeon.
You worshipped Trog.
Trog was pleased with you.
You were not hungry.

You visited 1 branch of the dungeon, and saw 3 of its levels.

You collected 109 gold pieces.

Inventory:

Hand weapons
 a - a +0,+0 hand axe (weapon)
Missiles
 d - 25 stones (quivered)
 g - 42 poisoned needles
Armour
 m - a +0 ring mail (worn)
Comestibles
 b - a meat ration
 c - 4 bread rations
 p - a snozzcumber
Scrolls
 e - a scroll of immolation {unknown}
 f - 2 scrolls of magic mapping {unknown}
 h - 2 scrolls of blinking {unknown}
 l - a scroll of identify {unknown}
 n - a scroll of teleportation {unknown}
 q - a scroll of remove curse {unknown}
Jewellery
 j - an amulet of inaccuracy (around neck) {unknown}
Potions
 i - a potion of agility {unknown}
 k - a potion of curing {unknown}


   Skills:
 - Level 3.6 Fighting
 + Level 6.1 Axes
 - Level 2.4 Armour
 - Level 2.1 Dodging


You had 3 spell levels left.
You didn't know any spells.

Dungeon Overview and Level Annotations

Branches:
Dungeon (3/15)

Altars:

Annotations:
D:3 Sigmund


Innate Abilities, Weirdness & Mutations

You reflexively headbutt those who attack you in melee.
You have a pair of horns on your head.


Message History

The gnoll is almost dead.
The gnoll hits you from afar with a halberd!
The gnoll hits you with a flail!
* * * LOW HITPOINT WARNING * * *
You are too injured to fight recklessly!
You are too injured to fight recklessly!
You are too injured to fight recklessly!
You are too injured to fight recklessly!
You are too injured to fight recklessly!
You are too injured to fight recklessly!
You hit the gnoll.
The gnoll is almost dead.
The gnoll hits you but does no damage.
You barely miss the gnoll. Your headbutt misses the gnoll.
The gnoll is almost dead.
The gnoll barely misses you.
The gnoll hits you from afar with a runed halberd.
* * * LOW HITPOINT WARNING * * *
The gnoll hits you from afar with a halberd.
You die...

#. .# ## . ..
.# .# .#. ..
... .# #g# .#
#g# .# #@# .#
..###.#.####.#
.......g....<.#
.####.#>######
#.... ###.# #.#
#.# #.#


You could see 3 gnolls.

Vanquished Creatures
  Ijyb (D:2)
  An adder (D:2)
  A worm (D:2)
  A giant gecko (D:1)
  An ooze (D:1)
  An orc (D:2)
  5 bats
  4 giant cockroaches
  6 goblins
  7 hobgoblins
  3 ball pythons
  2 giant newts (D:2)
  3 kobolds
  A quokka (D:2)
  A rat (D:3)
38 creatures vanquished.

Notes
Turn   | Place    | Note
--------------------------------------------------------------
     0 | D:1      | Ragg, the Minotaur Berserker, began the quest for the Orb.
     0 | D:1      | Reached XP level 1. HP: 19/19 MP: 1/1
     3 | D:1      | Noticed a shark
     3 | D:1      | Noticed a shark
    80 | D:1      | Reached skill level 4 in Axes
   272 | D:1      | Reached XP level 2. HP: 13/26 MP: 1/1
   426 | D:1      | Acquired Trog's second power
   730 | D:1      | Reached skill level 5 in Axes
   742 | D:2      | Reached XP level 3. HP: 25/31 MP: 2/2
   907 | D:2      | Noticed Ijyb
   933 | D:2      | Killed Ijyb
  1104 | D:2      | Reached XP level 4. HP: 33/39 MP: 2/2
  1151 | D:2      | Reached skill level 6 in Axes
  1172 | D:3      | Noticed Sigmund
  1240 | D:3      | Slain by a gnoll

Action                   |  1- 3 |  4- 6 || total
-------------------------+-------+-------++-------
Melee: Hand axe          |    88 |    15 ||   103
